Rafales vs Thunder

Created - October 30, 2017 at 19:01

Goals
1 2 3 T
Rafales 2 2 2 6
Thunder 1 0 2 3
Shots
1 2 3 T
Rafales 10 11 13 34
Thunder 14 13 15 42

1st period

1. Rafales , Cody McLeod 8 (Mike Zigomanis 8) at 10:19
2. Rafales , Nathan Davis 2 (Carl Klingberg 2) at 15:40
3. Thunder , David Wolf 3 (David Fischer 5, Pierre-Alexandre Parenteau 8) at 17:41

Penalties :
Mike Zigomanis (Stf) for Tripping (Minor) at 6:27, David Fischer (TRO) for Hooking (Minor) at 10:32

2nd period

4. Rafales , Nathan Davis 3 (Marc-André Gragnani 6, John Gibson) at 4:42
5. Rafales , Cody McLeod 9 (Matt Gilroy 3, Mike Zigomanis 9) at 6:35

Penalties :
Marc-André Gragnani (Stf) for Hooking (Minor) at 0:41, Dany Roussin (TRO) for Hooking (Minor) at 6:44, Dylan McIlrath (Stf) for Interference (Minor) at 14:13

3rd period

6. Rafales , Akim Aliu 1 (Jarret Stoll 4, Brock Nelson 7) at 6:15
7. Thunder , Adam Hall 8 (Dany Roussin 7, David Fischer 6) at 6:27
8. Thunder , Adam Hall 9 (Peter Andersson 1, Dany Roussin 8) at 14:12
9. Rafales , Michael Bournival 4 (Cedric Paquette 2) at 15:36

Penalties :
Dany Roussin (TRO) for Boarding (Major) at 8:00

Goalie Stats

John Gibson (Stf), 39 saves from 42 shots - (0.929), W, 3-1-4, 60:00 minutes
Devan Dubnyk (TRO), 14 saves from 16 shots - (0.875), 33:25 minutes
Niklas Treutle (TRO), 14 saves from 18 shots - (0.778), L, 0-2-0, 26:35 minutes

Players Stats for Rafales

Player Name              G  A  P  +/- PIM S  H  SB GA TA FO     MP     PP MP  PK MP  
------------------------------------------------------------------------------------
Akim Aliu                1  0  1   0  0   2  1  0  0  1  0/0    12:45   0:00   0:00 
Brian Ferlin             0  0  0   0  0   0  0  0  0  0  1/1    17:12   1:03   0:00 
Brock Nelson             0  1  1   0  0   1  2  0  0  0  0/0    17:55   3:38   1:21 
Carl Klingberg           0  1  1   1  0   2  1  0  0  1  0/0    11:25   1:02   0:21 
Cedric Paquette          0  1  1   2  0   0  0  0  0  0  0/2     8:09   0:55   1:00 
Cody McLeod              2  0  2   0  0   5  0  1  1  0  1/3    22:34   4:12   2:07 
Dylan McIlrath           0  0  0   1  2   1  2  1  0  1  0/0    26:17   4:30   1:12 
James Marcou             0  0  0   2  0   1  0  0  0  0  0/0     6:07   0:10   0:00 
Jarret Stoll             0  1  1   0  0   8  1  0  1  0  10/22  20:02   3:41   3:29 
Julian Melchiori         0  0  0   2  0   0  0  0  0  0  0/0    16:43   3:50   0:00 
Marc-André Gragnani      0  1  1   2  2   1  1  0  0  1  0/0    18:44   3:50   1:39 
Mark Fayne               0  0  0   0  0   0  1  1  2  0  0/0    15:32   0:00   3:55 
Matt Gilroy              0  1  1   1  0   2  1  4  1  1  0/0    28:44   4:28   3:55 
Michael Bournival        1  0  1   2  0   3  1  0  1  0  1/1    10:47   3:38   1:05 
Mike Zigomanis           0  2  2   0  2   2  1  0  1  0  18/32  22:47   4:07   2:31 
Nathan Davis             2  0  2   1  0   5  1  1  1  0  3/8    13:53   4:06   0:00 
Nicklas Jensen           0  0  0   1  0   1  0  1  0  0  0/0    10:20   0:19   0:00 
Slater Koekkoek          0  0  0   0  0   0  0  1  0  0  0/0    14:04   1:16   1:13 

Players Stats for Thunder

Player Name              G  A  P  +/- PIM S  H  SB GA TA FO     MP     PP MP  PK MP  
------------------------------------------------------------------------------------
Adam Hall                2  0  2   1  0   3  0  2  0  1  1/4    20:47   3:33   4:08 
Austin Wuthrich          0  0  0   0  0   0  2  0  0  0  2/2     2:40   0:00   2:40 
Brett Festerling         0  0  0  -3  0   2  0  0  0  0  0/0    19:15   2:26   3:33 
Dany Roussin             0  2  2   1  7   6  1  1  1  1  4/5    21:35   3:25   1:09 
Daultan Leveillé         0  0  0  -2  0   6  2  0  0  0  4/5    16:42   2:22   0:00 
David Fischer            0  2  2   2  2   0  3  2  0  1  0/0    26:29   3:31   3:11 
David Wolf               1  0  1  -2  0   3  3  0  1  0  0/0    19:23   2:22   2:41 
Evgeny Kuznetsov         0  0  0  -2  0   2  0  0  0  0  4/9    15:31   0:00   2:43 
Gianluca Curcuruto       0  0  0   0  0   0  0  0  0  0  0/0     4:50   0:00   0:59 
Jared Staal              0  0  0   0  0   0  1  0  0  0  0/0     4:29   0:00   0:00 
Joe Labate               0  0  0   0  0   0  0  0  0  0  3/5     4:29   0:00   0:00 
Joey Ryan                0  0  0  -3  0   0  1  2  0  1  0/0    18:56   2:26   3:23 
Ludwig Bystrom           0  0  0  -2  0   1  0  0  0  2  0/0    13:22   0:00   2:04 
Melker Karlsson          0  0  0   1  0   3  1  1  0  0  16/37  18:24   3:33   1:23 
Nikolay Prokhorkin       0  0  0  -2  0   0  0  1  0  0  0/0    13:33   0:00   0:45 
Peter Andersson          0  1  1  -2  0   2  0  0  0  0  0/0    11:28   0:00   0:10 
Pierre-Alexandre Parente 0  1  1  -2  0   8  2  0  0  1  1/2    18:27   2:22   1:23 
Robin Leblanc            0  0  0  -2  0   5  4  1  2  0  0/0    12:33   0:00   0:00 
Roman Josi               0  0  0   2  0   1  2  2  1  1  0/0    25:55   3:31   4:34 
Thomas Spelling          0  0  0   0  0   0  0  0  0  0  0/0     1:07   0:12   0:00 
Zach Stepan              0  0  0   0  0   0  0  0  0  0  0/0     1:05   0:02   1:02 

3 Stars

1 - Nathan Davis (Stf)
2 - Adam Hall (TRO)
3 - Cody McLeod (Stf)

Power Play

Rafales - 0 on 3 Attempt(s) - 0.00%
Thunder - 0 on 3 Attempt(s) - 0.00%

Penalty Kill

Rafales - 3 on 3 Attempt(s) - 100.00% - Score 0 goal in Penalty Kill
Thunder - 3 on 3 Attempt(s) - 100.00% - Score 0 goal in Penalty Kill

Team Stat

Rafales - Hits : 13 - Faceoff Wins : 34 - Blocked Shots : 10 - Penalty Minutes : 6
Thunder - Hits : 22 - Faceoff Wins : 35 - Blocked Shots : 12 - Penalty Minutes : 9

Official

Referees : Ciamaga Chris and Auger Stephane
Linesman : Steve Miller and Andy McElman

Game Notes

Devan Dubnyk enters game at 6:35 of 2nd period
6:27 of 3rd period - Thunder goal is going for a video replay. After video review, Goal.

Finance

Level 1 -- Attendance: 1458 (72.90%) -- Ticket Income $58,320
Level 2 -- Attendance: 674 (67.40%) -- Ticket Income $13,480
Total Attendance: 2132 (71.07%)
Total Ticket Income: $71,800
Other Income: $3,590
Total Income: $75,390

Rafales

5 vs 5 Forward 
   Center                   Left Wing                Right Wing               Time % Phy DF OF 
 1 Mike Zigomanis           Cody McLeod              Brian Ferlin             40     0   1  4  
 2 Jarret Stoll             Brock Nelson             Akim Aliu                30     0   1  4  
 3 Nathan Davis             Carl Klingberg           Nicklas Jensen           20     0   3  2  
 4 Cedric Paquette          Michael Bournival        James Marcou             10     0   2  3  

5 vs 5 Defense 
   Defense                  Defense                                           Time % Phy DF OF 
 1 Matt Gilroy              Dylan McIlrath                                    40     0   4  1  
 2 Julian Melchiori         Marc-André Gragnani                               30     0   4  1  
 3 Mark Fayne               Slater Koekkoek                                   20     0   4  1  
 4 Matt Gilroy              Dylan McIlrath                                    10     0   4  1  

PowerPlay Forward 
   Center                   Left Wing                Right Wing               Time % Phy DF OF 
 1 Mike Zigomanis           Cody McLeod              Nathan Davis             60     0   0  5  
 2 Jarret Stoll             Brock Nelson             Michael Bournival        40     0   0  5  

PowerPlay Defense
   Defense                  Defense                                           Time % Phy DF OF 
 1 Matt Gilroy              Dylan McIlrath                                    60     0   2  3  
 2 Julian Melchiori         Marc-André Gragnani                               40     0   2  3  

Penalty Kill 4 Players Forward 
   Center                   Wing                     Time % Phy DF OF 
 1 Mike Zigomanis           Jarret Stoll             60     0   3  2  
 2 Cody McLeod              Brock Nelson             40     0   3  2  

Penalty Kill 4 Players Defense
   Defense                  Defense                  Time % Phy DF OF 
 1 Matt Gilroy              Mark Fayne               60     0   5  0  
 2 Dylan McIlrath           Marc-André Gragnani      40     0   5  0  

Penalty Kill - 3 Players Forward 
   Forward                                           Time % Phy DF OF 
 1 Mike Zigomanis                                    60     0   4  1  
 2 Jarret Stoll                                      40     0   4  1  

Penalty Kill - 3 Players Defense
   Defense                  Defense                  Time % Phy DF OF 
 1 Matt Gilroy              Mark Fayne               60     0   5  0  
 2 Slater Koekkoek          Marc-André Gragnani      40     0   5  0  

4 vs 4 Forward 
   Center                   Wing                     Time % Phy DF OF 
 1 Mike Zigomanis           Jarret Stoll             60     0   2  3  
 2 Cody McLeod              Brock Nelson             40     0   3  1  

4 vs 4 Defense
   Defense                  Defense                  Time % Phy DF OF 
 1 Matt Gilroy              Dylan McIlrath           60     0   3  2  
 2 Mark Fayne               Marc-André Gragnani      40     0   4  1  

Last Minutes Offensive
   Center                   Left Wing                Right Wing               Defense                  Defense                  
   Mike Zigomanis           Cody McLeod              Akim Aliu                Matt Gilroy              Dylan McIlrath           

Last Minutes Defensive
   Center                   Left Wing                Right Wing               Defense                  Defense                  
   Mike Zigomanis           Cody McLeod              James Marcou             Slater Koekkoek          Mark Fayne               

Goaltenders
Starting : John Gibson              
Backup : Philipp Grubauer         

Extra Forwards
Normal : Cody McLeod, Mike Zigomanis, Brock Nelson - PP : Cody McLeod, Mike Zigomanis - PK : Michael Bournival
Extra Defensemen
Normal : Matt Gilroy, Dylan McIlrath, Slater Koekkoek - PP : Matt Gilroy - PK : Marc-André Gragnani, Mark Fayne
Penalty Shots
Mike Zigomanis, Jarret Stoll, Cody McLeod, Brock Nelson, James Marcou

Scratches
Ben Sexton (Healthy), Ryan Bourque (Healthy), Ben Johnson (Healthy), Jayson Megna (Healthy), Brad Ross (Healthy)
Connor Murphy (Healthy), Petr Kalus (Healthy), Ben Thomson (Healthy), David Broll (Healthy), Stefan Chaput (Healthy)
Dennis Persson (Healthy), Chris Terry (Healthy), Kevin Veilleux (Healthy), Maksim Mayorov (Healthy), Chris Driedger (Healthy)
Leland Irving (Healthy)

Thunder

5 vs 5 Forward 
   Center                   Left Wing                Right Wing               Time % Phy DF OF 
 1 Melker Karlsson          Dany Roussin             Adam Hall                40     1   2  2  
 2 Daultan Leveillé         David Wolf               Pierre-Alexandre Parentea30     1   2  2  
 3 Evgeny Kuznetsov         Nikolay Prokhorkin       Robin Leblanc            20     1   2  2  
 4 Joe Labate               Dany Roussin             Jared Staal              10     1   2  2  

5 vs 5 Defense 
   Defense                  Defense                                           Time % Phy DF OF 
 1 David Fischer            Roman Josi                                        40     1   2  2  
 2 Joey Ryan                Brett Festerling                                  30     1   2  2  
 3 Peter Andersson          Ludwig Bystrom                                    20     1   2  2  
 4 Gianluca Curcuruto       David Fischer                                     10     1   2  2  

PowerPlay Forward 
   Center                   Left Wing                Right Wing               Time % Phy DF OF 
 1 Melker Karlsson          Dany Roussin             Adam Hall                60     1   2  2  
 2 Daultan Leveillé         David Wolf               Pierre-Alexandre Parentea40     1   2  2  

PowerPlay Defense
   Defense                  Defense                                           Time % Phy DF OF 
 1 David Fischer            Roman Josi                                        60     1   2  2  
 2 Joey Ryan                Brett Festerling                                  40     1   2  2  

Penalty Kill 4 Players Forward 
   Center                   Wing                     Time % Phy DF OF 
 1 Dany Roussin             Adam Hall                60     1   2  2  
 2 Pierre-Alexandre ParenteaMelker Karlsson          40     1   2  2  

Penalty Kill 4 Players Defense
   Defense                  Defense                  Time % Phy DF OF 
 1 David Fischer            Roman Josi               60     1   2  2  
 2 Joey Ryan                Brett Festerling         40     1   2  2  

Penalty Kill - 3 Players Forward 
   Forward                                           Time % Phy DF OF 
 1 Dany Roussin                                      60     1   2  2  
 2 Adam Hall                                         40     1   2  2  

Penalty Kill - 3 Players Defense
   Defense                  Defense                  Time % Phy DF OF 
 1 David Fischer            Roman Josi               60     1   2  2  
 2 Joey Ryan                Brett Festerling         40     1   2  2  

4 vs 4 Forward 
   Center                   Wing                     Time % Phy DF OF 
 1 Dany Roussin             Adam Hall                60     1   2  2  
 2 Pierre-Alexandre ParenteaMelker Karlsson          40     1   2  2  

4 vs 4 Defense
   Defense                  Defense                  Time % Phy DF OF 
 1 David Fischer            Roman Josi               60     1   2  2  
 2 Joey Ryan                Brett Festerling         40     1   2  2  

Last Minutes Offensive
   Center                   Left Wing                Right Wing               Defense                  Defense                  
   Melker Karlsson          Dany Roussin             Adam Hall                David Fischer            Roman Josi               

Last Minutes Defensive
   Center                   Left Wing                Right Wing               Defense                  Defense                  
   Melker Karlsson          Dany Roussin             Adam Hall                David Fischer            Roman Josi               

Goaltenders
Starting : Niklas Treutle           
Backup : Devan Dubnyk             

Extra Forwards
Normal : Thomas Spelling, Zach Stepan, Austin Wuthrich - PP : Thomas Spelling, Zach Stepan - PK : Austin Wuthrich
Extra Defensemen
Normal : Peter Andersson, Ludwig Bystrom, Gianluca Curcuruto - PP : Peter Andersson - PK : Ludwig Bystrom, Gianluca Curcuruto
Penalty Shots
Dany Roussin, Adam Hall, Pierre-Alexandre Parenteau, Melker Karlsson, Daultan Leveillé

Scratches
Dalton Smith (Fractured Metatarsal (Right Foot) Injury), Scott Parse (Sprained Right Finger Injury)

% Time on Ice - Rafales

Lines # - Real PCT - Wanted PCT - Time Play
Normal Forward
1 - 36% - 40% - 16:12
2 - 29% - 30% - 12:56
3 - 22% - 20% - 10:01
4 - 13% - 10% - 5:57
Normal Defense
1 - 41% - 40% - 18:40
2 - 29% - 30% - 13:12
3 - 26% - 20% - 11:33
4 - 4% - 10% - 1:41
PP Forward
1 - 59% - 60% - 5:16
2 - 41% - 40% - 3:41
PP Defense
1 - 57% - 60% - 5:07
2 - 43% - 40% - 3:50
PK Forward
1 - 77% - 60% - 4:36
2 - 23% - 40% - 1:21
PK Defense
1 - 66% - 60% - 3:55
2 - 34% - 40% - 2:02
PK3 Forward
1 - 0% - 60%
2 - 0% - 40%
PK3 Defense
1 - 0% - 60%
2 - 0% - 40%
44 Forward
1 - 0% - 60%
2 - 0% - 40%
44 Defense
1 - 0% - 60%
2 - 0% - 40%
Last Minute Offensive  - 0:00
Last Minute Defensive  - 0:00
Total
Forward - 60:00
Defense - 60:00

% Time on Ice - Thunder

Lines # - Real PCT - Wanted PCT - Time Play
Normal Forward
1 - 30% - 40% - 13:22
2 - 33% - 30% - 14:42
3 - 28% - 20% - 12:33
4 - 10% - 10% - 4:29
Normal Defense
1 - 40% - 40% - 17:50
2 - 29% - 30% - 13:07
3 - 25% - 20% - 11:18
4 - 6% - 10% - 2:51
PP Forward
1 - 60% - 60% - 3:35
2 - 40% - 40% - 2:22
PP Defense
1 - 59% - 60% - 3:31
2 - 41% - 40% - 2:26
PK Forward
1 - 85% - 60% - 7:34
2 - 15% - 40% - 1:23
PK Defense
1 - 59% - 60% - 5:16
2 - 41% - 40% - 3:41
PK3 Forward
1 - 0% - 60%
2 - 0% - 40%
PK3 Defense
1 - 0% - 60%
2 - 0% - 40%
44 Forward
1 - 0% - 60%
2 - 0% - 40%
44 Defense
1 - 0% - 60%
2 - 0% - 40%
Last Minute Offensive  - 0:00
Last Minute Defensive  - 0:00
Total
Forward - 60:00
Defense - 60:00

Play by Play

1st period


0:01 of 1st period - Melker Karlsson wins face-off versus Mike Zigomanis in neutral zone.
0:43 of 1st period - Snap shot by Mike Zigomanis.
0:43 of 1st period - Shot Blocked by David Fischer.
0:55 of 1st period - Wrist shot by Cody McLeod.
0:55 of 1st period - Shot Misses the Net.
1:11 of 1st period - Icing by David Fischer.
1:12 of 1st period - Evgeny Kuznetsov wins face-off versus Jarret Stoll in Thunder zone.
1:14 of 1st period - Icing by Roman Josi.
1:15 of 1st period - Evgeny Kuznetsov wins face-off versus Jarret Stoll in Thunder zone.
1:26 of 1st period - Wrist shot by Jarret Stoll.
1:26 of 1st period - Shot Misses the Net.
1:28 of 1st period - Slapshot by Brock Nelson.
1:28 of 1st period - Shot Misses the Net.
1:30 of 1st period - Wrist shot by Jarret Stoll.
1:30 of 1st period - Deflect By Roman Josi.
1:30 of 1st period - Stopped by Niklas Treutle without a rebound.
1:31 of 1st period - Pierre-Alexandre Parenteau wins face-off versus Nathan Davis in Thunder zone.
1:31 of 1st period - Pierre-Alexandre Parenteau is hit by Carl Klingberg.
1:37 of 1st period - Wrist shot by Nathan Davis.
1:37 of 1st period - Stopped by Niklas Treutle with a rebound.
1:39 of 1st period - Slapshot by Matt Gilroy.
1:39 of 1st period - Stopped by Niklas Treutle without a rebound.
1:40 of 1st period - Nathan Davis wins face-off versus Daultan Leveillé in Thunder zone.
1:45 of 1st period - Snap shot by Nathan Davis.
1:45 of 1st period - Stopped by Niklas Treutle with a rebound.
2:51 of 1st period - Wrist shot by Carl Klingberg.
2:51 of 1st period - Stopped by Niklas Treutle without a rebound.
2:52 of 1st period - Jarret Stoll wins face-off versus Melker Karlsson in Thunder zone.
3:17 of 1st period - Adam Hall is hit by Mike Zigomanis and loses puck.
3:46 of 1st period - Snap shot by Robin Leblanc.
3:46 of 1st period - Stopped by John Gibson without a rebound.
3:47 of 1st period - Jarret Stoll wins face-off versus Evgeny Kuznetsov in Rafales zone.
4:12 of 1st period - James Marcou is hit by David Fischer and loses puck.
5:04 of 1st period - Snap shot by Carl Klingberg.
5:04 of 1st period - Shot Blocked by Joey Ryan.
5:15 of 1st period - Off-side.
5:16 of 1st period - Mike Zigomanis wins face-off versus Melker Karlsson in neutral zone.
6:27 of 1st period - Minor Penalty to Mike Zigomanis for Tripping.
6:28 of 1st period - Michael Bournival wins face-off versus Melker Karlsson in Rafales zone.
6:51 of 1st period - Joey Ryan is hit by Jarret Stoll and loses puck.
7:50 of 1st period - Michael Bournival is hit by David Fischer and loses puck.
8:27 of 1st period - Penalty to Mike Zigomanis is over, Mike Zigomanis is back on ice.
9:04 of 1st period - Jared Staal is hit by Mark Fayne and loses puck.
9:46 of 1st period - Icing by Matt Gilroy.
9:47 of 1st period - Daultan Leveillé wins face-off versus Mike Zigomanis in Rafales zone.
9:48 of 1st period - Wrist shot by Pierre-Alexandre Parenteau.
9:48 of 1st period - Stopped by John Gibson with a rebound.
9:52 of 1st period - Slapshot by Daultan Leveillé.
9:52 of 1st period - Stopped by John Gibson with a rebound.
10:02 of 1st period - Wrist shot by Cody McLeod.
10:02 of 1st period - Deflect By Dany Roussin.
10:02 of 1st period - Shot Misses the Net.
10:02 of 1st period - Puck is out of play.
10:03 of 1st period - Melker Karlsson wins face-off versus Jarret Stoll in Thunder zone.
10:07 of 1st period - Off-side.
10:08 of 1st period - Jarret Stoll wins face-off versus Adam Hall in neutral zone.
10:13 of 1st period - Icing by Adam Hall.
10:14 of 1st period - Mike Zigomanis wins face-off versus Melker Karlsson in Thunder zone.
10:19 of 1st period - Wrist shot by Cody McLeod.
10:19 of 1st period - Goal by Cody McLeod - Rafales : 1 - Thunder : 0.
10:20 of 1st period - Brian Ferlin wins face-off versus Melker Karlsson in neutral zone.
10:32 of 1st period - Minor Penalty to David Fischer for Hooking.
10:33 of 1st period - Dany Roussin wins face-off versus Mike Zigomanis in Thunder zone.
11:01 of 1st period - Wrist shot by Michael Bournival.
11:01 of 1st period - Stopped by Niklas Treutle without a rebound.
11:02 of 1st period - Dany Roussin wins face-off versus Jarret Stoll in Thunder zone.
12:11 of 1st period - Mike Zigomanis is hit by David Wolf and loses puck.
12:32 of 1st period - Penalty to David Fischer is over, David Fischer is back on ice.
12:39 of 1st period - Backhand shot by Brock Nelson.
12:39 of 1st period - Stopped by Niklas Treutle with a rebound.
12:50 of 1st period - Icing by Pierre-Alexandre Parenteau.
12:51 of 1st period - Evgeny Kuznetsov wins face-off versus Cedric Paquette in Thunder zone.
13:24 of 1st period - Snap shot by Pierre-Alexandre Parenteau.
13:24 of 1st period - Stopped by John Gibson with a rebound.
13:28 of 1st period - Snap shot by Daultan Leveillé.
13:28 of 1st period - Shot Misses the Net.
13:54 of 1st period - Slapshot by Dany Roussin.
13:54 of 1st period - Deflect By Mike Zigomanis.
13:54 of 1st period - Shot Blocked by Dylan McIlrath.
13:54 of 1st period - Puck is out of play.
13:55 of 1st period - Joe Labate wins face-off versus Mike Zigomanis in Rafales zone.
14:25 of 1st period - Snap shot by Pierre-Alexandre Parenteau.
14:25 of 1st period - Stopped by John Gibson with a rebound.
14:27 of 1st period - Snap shot by Daultan Leveillé.
14:27 of 1st period - Deflect By David Wolf.
14:27 of 1st period - Stopped by John Gibson without a rebound.
14:28 of 1st period - Melker Karlsson wins face-off versus Mike Zigomanis in Rafales zone.
14:31 of 1st period - Slapshot by Dany Roussin.
14:31 of 1st period - Shot Misses the Net.
14:33 of 1st period - Snap shot by Melker Karlsson.
14:33 of 1st period - Stopped by John Gibson with a rebound.
14:35 of 1st period - Slapshot by Melker Karlsson.
14:35 of 1st period - Shot Hit the Post.
14:37 of 1st period - Slapshot by Melker Karlsson.
14:37 of 1st period - Stopped by John Gibson with a rebound.
15:15 of 1st period - Matt Gilroy is hit by Robin Leblanc and loses puck.
15:40 of 1st period - Wrist shot by Nathan Davis.
15:40 of 1st period - Goal by Nathan Davis - Rafales : 2 - Thunder : 0.
15:41 of 1st period - Mike Zigomanis wins face-off versus Melker Karlsson in neutral zone.
15:56 of 1st period - Snap shot by Melker Karlsson.
15:56 of 1st period - Stopped by John Gibson without a rebound.
15:57 of 1st period - Melker Karlsson wins face-off versus Jarret Stoll in Rafales zone.
16:00 of 1st period - Wrist shot by Adam Hall.
16:00 of 1st period - Shot Blocked by Matt Gilroy.
16:02 of 1st period - Slapshot by Dany Roussin.
16:02 of 1st period - Stopped by John Gibson without a rebound.
16:03 of 1st period - Adam Hall wins face-off versus Jarret Stoll in Rafales zone.
16:38 of 1st period - Snap shot by Cody McLeod.
16:38 of 1st period - Shot Blocked by David Fischer.
16:58 of 1st period - Pierre-Alexandre Parenteau is hit by Dylan McIlrath and loses puck.
17:25 of 1st period - Wrist shot by Daultan Leveillé.
17:25 of 1st period - Stopped by John Gibson with a rebound.
17:33 of 1st period - Wrist shot by Daultan Leveillé.
17:33 of 1st period - Stopped by John Gibson with a rebound.
17:35 of 1st period - Slapshot by David Fischer.
17:35 of 1st period - Shot Blocked by Cody McLeod.
17:37 of 1st period - Wrist shot by Pierre-Alexandre Parenteau.
17:37 of 1st period - Stopped by John Gibson with a rebound.
17:39 of 1st period - Slapshot by David Fischer.
17:39 of 1st period - Shot Blocked by Matt Gilroy.
17:41 of 1st period - Wrist shot by David Wolf.
17:41 of 1st period - Goal by David Wolf - Rafales : 2 - Thunder : 1.
17:42 of 1st period - Jarret Stoll wins face-off versus Melker Karlsson in neutral zone.
18:07 of 1st period - Marc-André Gragnani is hit by Robin Leblanc and loses puck.
19:08 of 1st period - Snap shot by Nathan Davis.
19:08 of 1st period - Stopped by Niklas Treutle with a rebound.
19:59 of 1st period - Michael Bournival is hit by Pierre-Alexandre Parenteau and loses puck.
Goals for this period are 2 for Rafales vs 1 for Thunder.
Shots for this period are 10 for Rafales vs 14 for Thunder.

2nd period


0:01 of 2nd period - Mike Zigomanis wins face-off versus Melker Karlsson in neutral zone.
0:04 of 2nd period - Wrist shot by Brian Ferlin.
0:04 of 2nd period - Shot Blocked by Dany Roussin.
0:12 of 2nd period - Slapshot by Melker Karlsson.
0:12 of 2nd period - Shot Misses the Net.
0:30 of 2nd period - Snap shot by Jarret Stoll.
0:30 of 2nd period - Stopped by Niklas Treutle without a rebound.
0:31 of 2nd period - Daultan Leveillé wins face-off versus Jarret Stoll in Thunder zone.
0:41 of 2nd period - Minor Penalty to Marc-André Gragnani for Hooking.
0:42 of 2nd period - Mike Zigomanis wins face-off versus Melker Karlsson in Rafales zone.
0:50 of 2nd period - Mike Zigomanis is hit by Melker Karlsson and loses puck.
1:37 of 2nd period - Off-side.
1:38 of 2nd period - Mike Zigomanis wins face-off versus Melker Karlsson in neutral zone.
1:47 of 2nd period - Jarret Stoll is hit by Dany Roussin and loses puck.
1:52 of 2nd period - Snap shot by Adam Hall.
1:52 of 2nd period - Shot Misses the Net.
1:54 of 2nd period - Backhand shot by Adam Hall.
1:54 of 2nd period - Deflect By Melker Karlsson.
1:54 of 2nd period - Shot Misses the Net.
1:54 of 2nd period - Puck is out of play.
1:55 of 2nd period - Melker Karlsson wins face-off versus Mike Zigomanis in Rafales zone.
2:02 of 2nd period - Slapshot by Adam Hall.
2:02 of 2nd period - Shot Misses the Net.
2:04 of 2nd period - Slapshot by Brett Festerling.
2:04 of 2nd period - Deflect By Matt Gilroy.
2:04 of 2nd period - Stopped by John Gibson without a rebound.
2:05 of 2nd period - Melker Karlsson wins face-off versus Mike Zigomanis in Rafales zone.
2:12 of 2nd period - Slapshot by Adam Hall.
2:12 of 2nd period - Shot Misses the Net.
2:14 of 2nd period - Slapshot by Joey Ryan.
2:14 of 2nd period - Shot Blocked by Matt Gilroy.
2:16 of 2nd period - Backhand shot by Brett Festerling.
2:16 of 2nd period - Stopped by John Gibson without a rebound.
2:17 of 2nd period - Mike Zigomanis wins face-off versus Melker Karlsson in Rafales zone.
2:22 of 2nd period - Snap shot by Mike Zigomanis.
2:22 of 2nd period - Shot Blocked by Melker Karlsson.
2:41 of 2nd period - Penalty to Marc-André Gragnani is over, Marc-André Gragnani is back on ice.
3:48 of 2nd period - Snap shot by Daultan Leveillé.
3:48 of 2nd period - Stopped by John Gibson with a rebound.
3:50 of 2nd period - Slapshot by Ludwig Bystrom.
3:50 of 2nd period - Shot Blocked by Slater Koekkoek.
3:52 of 2nd period - Snap shot by Pierre-Alexandre Parenteau.
3:52 of 2nd period - Stopped by John Gibson without a rebound.
3:53 of 2nd period - Melker Karlsson wins face-off versus Jarret Stoll in Rafales zone.
4:42 of 2nd period - Wrist shot by Nathan Davis.
4:42 of 2nd period - Goal by Nathan Davis - Rafales : 3 - Thunder : 1.
4:43 of 2nd period - Mike Zigomanis wins face-off versus Melker Karlsson in neutral zone.
4:52 of 2nd period - Snap shot by Cody McLeod.
4:52 of 2nd period - Shot Misses the Net.
4:54 of 2nd period - Slapshot by Mike Zigomanis.
4:54 of 2nd period - Shot Misses the Net.
4:56 of 2nd period - Snap shot by Cody McLeod.
4:56 of 2nd period - Stopped by Niklas Treutle without a rebound.
4:57 of 2nd period - Jarret Stoll wins face-off versus Melker Karlsson in Thunder zone.
5:00 of 2nd period - Wrist shot by Brock Nelson.
5:00 of 2nd period - Shot Misses the Net.
5:02 of 2nd period - Slapshot by Dylan McIlrath.
5:02 of 2nd period - Stopped by Niklas Treutle without a rebound.
5:03 of 2nd period - Melker Karlsson wins face-off versus Jarret Stoll in Thunder zone.
5:14 of 2nd period - Snap shot by Jarret Stoll.
5:14 of 2nd period - Stopped by Niklas Treutle without a rebound.
5:15 of 2nd period - Mike Zigomanis wins face-off versus Melker Karlsson in Thunder zone.
5:24 of 2nd period - Slapshot by Mike Zigomanis.
5:24 of 2nd period - Stopped by Niklas Treutle with a rebound.
6:31 of 2nd period - Snap shot by Mike Zigomanis.
6:31 of 2nd period - Stopped by Niklas Treutle with a rebound.
6:33 of 2nd period - Slapshot by Matt Gilroy.
6:33 of 2nd period - Shot Blocked by Joey Ryan.
6:35 of 2nd period - Wrist shot by Cody McLeod.
6:35 of 2nd period - Deflect By Brett Festerling.
6:35 of 2nd period - Goal by Cody McLeod - Rafales : 4 - Thunder : 1.
6:35 of 2nd period - Devan Dubnyk enters game.
6:36 of 2nd period - Jarret Stoll wins face-off versus Adam Hall in neutral zone.
6:41 of 2nd period - Slapshot by Marc-André Gragnani.
6:41 of 2nd period - Stopped by Devan Dubnyk without a rebound.
6:42 of 2nd period - Melker Karlsson wins face-off versus Jarret Stoll in Thunder zone.
6:44 of 2nd period - Minor Penalty to Dany Roussin for Hooking.
6:45 of 2nd period - Austin Wuthrich wins face-off versus Jarret Stoll in Thunder zone.
7:19 of 2nd period - Snap shot by Mike Zigomanis.
7:19 of 2nd period - Shot Blocked by Adam Hall.
8:44 of 2nd period - Penalty to Dany Roussin is over, Dany Roussin is back on ice.
8:58 of 2nd period - Wrist shot by Evgeny Kuznetsov.
8:58 of 2nd period - Stopped by John Gibson without a rebound.
8:59 of 2nd period - Joe Labate wins face-off versus Nathan Davis in Rafales zone.
9:57 of 2nd period - Slapshot by Brock Nelson.
9:57 of 2nd period - Shot Misses the Net.
9:59 of 2nd period - Wrist shot by Jarret Stoll.
9:59 of 2nd period - Stopped by Devan Dubnyk without a rebound.
10:00 of 2nd period - Daultan Leveillé wins face-off versus Nathan Davis in Thunder zone.
10:15 of 2nd period - Snap shot by Daultan Leveillé.
10:15 of 2nd period - Shot Misses the Net.
11:07 of 2nd period - Wrist shot by Roman Josi.
11:07 of 2nd period - Stopped by John Gibson with a rebound.
11:09 of 2nd period - Snap shot by David Wolf.
11:09 of 2nd period - Shot Misses the Net.
11:11 of 2nd period - Snap shot by Daultan Leveillé.
11:11 of 2nd period - Deflect By Michael Bournival.
11:11 of 2nd period - Shot Misses the Net.
11:11 of 2nd period - Puck is out of play.
11:12 of 2nd period - Jarret Stoll wins face-off versus Pierre-Alexandre Parenteau in Rafales zone.
11:58 of 2nd period - Wrist shot by Daultan Leveillé.
11:58 of 2nd period - Stopped by John Gibson with a rebound.
12:28 of 2nd period - Snap shot by Pierre-Alexandre Parenteau.
12:28 of 2nd period - Stopped by John Gibson with a rebound.
12:34 of 2nd period - Snap shot by Pierre-Alexandre Parenteau.
12:34 of 2nd period - Shot Misses the Net.
12:36 of 2nd period - Snap shot by Daultan Leveillé.
12:36 of 2nd period - Stopped by John Gibson without a rebound.
12:37 of 2nd period - Mike Zigomanis wins face-off versus Melker Karlsson in Rafales zone.
13:02 of 2nd period - Dylan McIlrath is hit by Robin Leblanc and loses puck.
13:09 of 2nd period - Wrist shot by Robin Leblanc.
13:09 of 2nd period - Stopped by John Gibson with a rebound.
13:11 of 2nd period - Slapshot by Ludwig Bystrom.
13:11 of 2nd period - Stopped by John Gibson without a rebound.
13:12 of 2nd period - Mike Zigomanis wins face-off versus Evgeny Kuznetsov in Rafales zone.
13:19 of 2nd period - Slapshot by Robin Leblanc.
13:19 of 2nd period - Stopped by John Gibson without a rebound.
13:20 of 2nd period - Mike Zigomanis wins face-off versus Evgeny Kuznetsov in Rafales zone.
13:29 of 2nd period - Slapshot by Cody McLeod.
13:29 of 2nd period - Shot Misses the Net.
13:49 of 2nd period - Snap shot by James Marcou.
13:49 of 2nd period - Shot Blocked by Robin Leblanc.
13:51 of 2nd period - Slapshot by Marc-André Gragnani.
13:51 of 2nd period - Deflect By James Marcou.
13:51 of 2nd period - Shot Misses the Net.
13:51 of 2nd period - Puck is out of play.
13:52 of 2nd period - Melker Karlsson wins face-off versus Cedric Paquette in Thunder zone.
14:13 of 2nd period - Minor Penalty to Dylan McIlrath for Interference.
14:14 of 2nd period - Mike Zigomanis wins face-off versus Melker Karlsson in Rafales zone.
14:45 of 2nd period - Slapshot by Brett Festerling.
14:45 of 2nd period - Deflect By Pierre-Alexandre Parenteau.
14:45 of 2nd period - Stopped by John Gibson with a rebound.
14:57 of 2nd period - Marc-André Gragnani is hit by David Wolf and loses puck.
16:13 of 2nd period - Penalty to Dylan McIlrath is over, Dylan McIlrath is back on ice.
16:29 of 2nd period - Peter Andersson is hit by Nathan Davis and loses puck.
16:42 of 2nd period - Brett Festerling is hit by Michael Bournival and loses puck.
17:23 of 2nd period - Icing by Mark Fayne.
17:24 of 2nd period - Joe Labate wins face-off versus Nathan Davis in Rafales zone.
17:27 of 2nd period - Snap shot by Jared Staal.
17:27 of 2nd period - Shot Blocked by Nicklas Jensen.
17:29 of 2nd period - Wrist shot by Jared Staal.
17:29 of 2nd period - Shot Blocked by Mark Fayne.
17:31 of 2nd period - Slapshot by Joe Labate.
17:31 of 2nd period - Shot Blocked by Nathan Davis.
18:17 of 2nd period - Slapshot by Cody McLeod.
18:17 of 2nd period - Stopped by Devan Dubnyk without a rebound.
18:18 of 2nd period - Melker Karlsson wins face-off versus Jarret Stoll in Thunder zone.
18:18 of 2nd period - Melker Karlsson is hit by Akim Aliu.
Goals for this period are 2 for Rafales vs 0 for Thunder.
Shots for this period are 11 for Rafales vs 13 for Thunder.

3rd period


0:01 of 3rd period - Mike Zigomanis wins face-off versus Melker Karlsson in neutral zone.
0:37 of 3rd period - Wrist shot by Jarret Stoll.
0:37 of 3rd period - Stopped by Devan Dubnyk with a rebound.
0:39 of 3rd period - Snap shot by Matt Gilroy.
0:39 of 3rd period - Shot Misses the Net.
1:02 of 3rd period - Carl Klingberg is hit by Robin Leblanc.
1:31 of 3rd period - Slapshot by Michael Bournival.
1:31 of 3rd period - Stopped by Devan Dubnyk without a rebound.
1:32 of 3rd period - Mike Zigomanis wins face-off versus Joe Labate in Thunder zone.
1:33 of 3rd period - Snap shot by Cody McLeod.
1:33 of 3rd period - Stopped by Devan Dubnyk with a rebound.
1:38 of 3rd period - Off-side.
1:39 of 3rd period - Daultan Leveillé wins face-off versus Mike Zigomanis in neutral zone.
2:16 of 3rd period - Carl Klingberg is hit by David Wolf and loses puck.
2:23 of 3rd period - Slapshot by David Wolf.
2:23 of 3rd period - Shot Misses the Net.
2:27 of 3rd period - Snap shot by Pierre-Alexandre Parenteau.
2:27 of 3rd period - Stopped by John Gibson with a rebound.
2:29 of 3rd period - Snap shot by David Wolf.
2:29 of 3rd period - Stopped by John Gibson with a rebound.
2:31 of 3rd period - Slapshot by Peter Andersson.
2:31 of 3rd period - Stopped by John Gibson without a rebound.
2:32 of 3rd period - Dany Roussin wins face-off versus Mike Zigomanis in Rafales zone.
2:47 of 3rd period - Wrist shot by Dany Roussin.
2:47 of 3rd period - Shot Misses the Net.
2:59 of 3rd period - Nikolay Prokhorkin is hit by Dylan McIlrath and loses puck.
3:06 of 3rd period - Snap shot by Jarret Stoll.
3:06 of 3rd period - Stopped by Devan Dubnyk without a rebound.
3:07 of 3rd period - Jarret Stoll wins face-off versus Dany Roussin in Thunder zone.
3:08 of 3rd period - Snap shot by Brock Nelson.
3:08 of 3rd period - Shot Misses the Net.
3:10 of 3rd period - Snap shot by Jarret Stoll.
3:10 of 3rd period - Stopped by Devan Dubnyk with a rebound.
3:12 of 3rd period - Snap shot by Jarret Stoll.
3:12 of 3rd period - Shot Misses the Net.
3:14 of 3rd period - Wrist shot by Akim Aliu.
3:14 of 3rd period - Stopped by Devan Dubnyk without a rebound.
3:15 of 3rd period - Jarret Stoll wins face-off versus Melker Karlsson in Thunder zone.
3:20 of 3rd period - Snap shot by Jarret Stoll.
3:20 of 3rd period - Stopped by Devan Dubnyk with a rebound.
3:28 of 3rd period - Snap shot by Dany Roussin.
3:28 of 3rd period - Stopped by John Gibson with a rebound.
3:30 of 3rd period - Backhand shot by Melker Karlsson.
3:30 of 3rd period - Deflect By Dany Roussin.
3:30 of 3rd period - Stopped by John Gibson with a rebound.
4:01 of 3rd period - Backhand shot by Nicklas Jensen.
4:01 of 3rd period - Stopped by Devan Dubnyk without a rebound.
4:02 of 3rd period - Evgeny Kuznetsov wins face-off versus Nathan Davis in Thunder zone.
4:13 of 3rd period - Slapshot by Evgeny Kuznetsov.
4:13 of 3rd period - Stopped by John Gibson with a rebound.
4:15 of 3rd period - Slapshot by Brett Festerling.
4:15 of 3rd period - Shot Misses the Net.
4:17 of 3rd period - Wrist shot by Nikolay Prokhorkin.
4:17 of 3rd period - Shot Misses the Net.
4:19 of 3rd period - Wrist shot by Robin Leblanc.
4:19 of 3rd period - Stopped by John Gibson without a rebound.
4:20 of 3rd period - Melker Karlsson wins face-off versus Mike Zigomanis in Rafales zone.
4:45 of 3rd period - Julian Melchiori is hit by Roman Josi and loses puck.
5:08 of 3rd period - Slapshot by Michael Bournival.
5:08 of 3rd period - Shot Misses the Net.
5:20 of 3rd period - Slapshot by Robin Leblanc.
5:20 of 3rd period - Stopped by John Gibson with a rebound.
6:13 of 3rd period - Snap shot by Jarret Stoll.
6:13 of 3rd period - Shot Misses the Net.
6:15 of 3rd period - Wrist shot by Akim Aliu.
6:15 of 3rd period - Goal by Akim Aliu - Rafales : 5 - Thunder : 1.
6:16 of 3rd period - Melker Karlsson wins face-off versus Mike Zigomanis in neutral zone.
6:23 of 3rd period - Snap shot by Dany Roussin.
6:23 of 3rd period - Shot Misses the Net.
6:25 of 3rd period - Snap shot by Dany Roussin.
6:25 of 3rd period - Shot Blocked by Matt Gilroy.
6:27 of 3rd period - Snap shot by Adam Hall.
6:27 of 3rd period - Thunder goal is going for a video replay.
6:27 of 3rd period - The goal is good.
6:27 of 3rd period - Goal by Adam Hall - Rafales : 5 - Thunder : 2.
6:28 of 3rd period - Melker Karlsson wins face-off versus Mike Zigomanis in neutral zone.
6:37 of 3rd period - Slapshot by Adam Hall.
6:37 of 3rd period - Stopped by John Gibson without a rebound.
6:38 of 3rd period - Melker Karlsson wins face-off versus Mike Zigomanis in Rafales zone.
6:41 of 3rd period - Wrist shot by Dany Roussin.
6:41 of 3rd period - Stopped by John Gibson without a rebound.
6:42 of 3rd period - Mike Zigomanis wins face-off versus Melker Karlsson in Rafales zone.
6:47 of 3rd period - Wrist shot by Cody McLeod.
6:47 of 3rd period - Deflect By Brian Ferlin.
6:47 of 3rd period - Shot Misses the Net.
6:47 of 3rd period - Puck is out of play.
6:48 of 3rd period - Dany Roussin wins face-off versus Cody McLeod in Thunder zone.
6:53 of 3rd period - Snap shot by Mike Zigomanis.
6:53 of 3rd period - Shot Blocked by Roman Josi.
6:55 of 3rd period - Slapshot by Matt Gilroy.
6:55 of 3rd period - Stopped by Devan Dubnyk with a rebound.
6:57 of 3rd period - Wrist shot by Cody McLeod.
6:57 of 3rd period - Shot Blocked by Adam Hall.
6:59 of 3rd period - Slapshot by Matt Gilroy.
6:59 of 3rd period - Shot Misses the Net.
7:25 of 3rd period - Matt Gilroy is hit by David Fischer.
7:45 of 3rd period - Snap shot by James Marcou.
7:45 of 3rd period - Stopped by Devan Dubnyk with a rebound.
8:00 of 3rd period - Major Penalty to Dany Roussin for Boarding.
8:01 of 3rd period - Austin Wuthrich wins face-off versus Cody McLeod in Thunder zone.
8:28 of 3rd period - Icing by Jarret Stoll.
8:29 of 3rd period - Jarret Stoll wins face-off versus Evgeny Kuznetsov in Rafales zone.
8:59 of 3rd period - Mike Zigomanis is hit by Austin Wuthrich and loses puck.
9:14 of 3rd period - Julian Melchiori is hit by Roman Josi and loses puck.
10:12 of 3rd period - David Wolf is hit by Matt Gilroy and loses puck.
10:29 of 3rd period - David Wolf is hit by Marc-André Gragnani.
10:38 of 3rd period - Matt Gilroy is hit by Austin Wuthrich and loses puck.
11:01 of 3rd period - Evgeny Kuznetsov is hit by Brock Nelson.
12:58 of 3rd period - Julian Melchiori is hit by Pierre-Alexandre Parenteau and loses puck.
13:00 of 3rd period - Penalty to Dany Roussin is over, Dany Roussin is back on ice.
13:03 of 3rd period - Wrist shot by Dany Roussin.
13:03 of 3rd period - Stopped by John Gibson with a rebound.
13:05 of 3rd period - Slapshot by Melker Karlsson.
13:05 of 3rd period - Deflect By Pierre-Alexandre Parenteau.
13:05 of 3rd period - Shot Misses the Net.
13:05 of 3rd period - Puck is out of play.
13:06 of 3rd period - Nathan Davis wins face-off versus Joe Labate in Rafales zone.
14:08 of 3rd period - Snap shot by Dany Roussin.
14:08 of 3rd period - Stopped by John Gibson with a rebound.
14:10 of 3rd period - Slapshot by Peter Andersson.
14:10 of 3rd period - Stopped by John Gibson with a rebound.
14:12 of 3rd period - Wrist shot by Adam Hall.
14:12 of 3rd period - Goal by Adam Hall - Rafales : 5 - Thunder : 3.
14:13 of 3rd period - Cody McLeod wins face-off versus Melker Karlsson in neutral zone.
14:23 of 3rd period - Off-side.
14:24 of 3rd period - Melker Karlsson wins face-off versus Mike Zigomanis in neutral zone.
15:16 of 3rd period - Dylan McIlrath is hit by Joey Ryan and loses puck.
15:36 of 3rd period - Snap shot by Michael Bournival.
15:36 of 3rd period - Goal by Michael Bournival - Rafales : 6 - Thunder : 3.
15:37 of 3rd period - Mike Zigomanis wins face-off versus Melker Karlsson in neutral zone.
16:04 of 3rd period - Daultan Leveillé is hit by Brock Nelson.
16:25 of 3rd period - Off-side.
16:26 of 3rd period - Nathan Davis wins face-off versus Evgeny Kuznetsov in neutral zone.
16:37 of 3rd period - Snap shot by Carl Klingberg.
16:37 of 3rd period - Shot Blocked by Nikolay Prokhorkin.
16:39 of 3rd period - Wrist shot by Nathan Davis.
16:39 of 3rd period - Shot Misses the Net.
16:41 of 3rd period - Snap shot by Carl Klingberg.
16:41 of 3rd period - Stopped by Devan Dubnyk with a rebound.
17:02 of 3rd period - Off-side.
17:03 of 3rd period - Mike Zigomanis wins face-off versus Adam Hall in neutral zone.
17:12 of 3rd period - Snap shot by Mike Zigomanis.
17:12 of 3rd period - Shot Blocked by Roman Josi.
17:28 of 3rd period - Brock Nelson is hit by Daultan Leveillé and loses puck.
17:37 of 3rd period - Wrist shot by Pierre-Alexandre Parenteau.
17:37 of 3rd period - Shot Misses the Net.
18:32 of 3rd period - Brian Ferlin is hit by Daultan Leveillé and loses puck.
19:34 of 3rd period - Brock Nelson is hit by Jared Staal and loses puck.
Goals for this period are 2 for Rafales vs 2 for Thunder.
Shots for this period are 13 for Rafales vs 15 for Thunder.